 Dungeon Crawl Stone Soup version 0.20.1-1-g8b1a95d (webtiles) character file.

23463 letownia2 the Reanimator (level 12, -4/109 HPs)
             Began as a Deep Dwarf Necromancer on Nov 5, 2017.
             Was an Initiate of Gozag.
             Slain by an ettin
             ... wielding a +0 dire flail
              (17 damage)
             ... on level 2 of the Orcish Mines.
             The game lasted 00:55:45 (14297 turns).

letownia2 the Reanimator (Deep Dwarf Necromancer)  Turns: 14297, Time: 00:55:46

Health: -4/109     AC: 17    Str: 16    XL:     12   Next: 72%
Magic:  34/34      EV: 12    Int: 16    God:    Gozag
Gold:   2571       SH:  0    Dex: 18    Spells: 26/30 levels left

rFire    + + .     SeeInvis +   a - +7 whip of Rotation {flame, rElec rF++ rC- Str+2 SInv}
rCold    x . .     Gourm    .   (no shield)
rNeg     + + .     Faith    .   R - +1 scale mail "Qitulall" {rN+}
rPois    .         Spirit   .   s - +1 helmet
rElec    +         Reflect  .   e - +0 cloak
rCorr    .         Harm     .   y - +3 pair of gloves of Circular Logic {rN+}
MR       +++..                  k - +0 pair of boots
Stlth    +.........             X - amulet of magic regeneration
Regen    0.0/turn               Z - ring of magical power
MPRegen  0.4/turn               L - ring of the Everdark {+Fly MR++ Int-3 Dex+5}

@: non-regenerating
A: damage resistance, heal wounds, sense surroundings 2, no regeneration
a: Heal Wounds, Potion Petition, Call Merchant, Bribe Branch, Renounce Religion,
Evoke Flight


You were on level 2 of the Orcish Mines.
You worshipped Gozag.
Gozag was most pleased with you.
You were full.

You visited 4 branches of the dungeon, and saw 16 of its levels.
You also visited: Sewer.

You collected 4138 gold pieces.
You spent 190 gold pieces at shops.
You paid 1377 gold pieces to Gozag.

Inventory:

Hand Weapons
 a - the +7 whip of Rotation (weapon) {flame, rElec rF++ rC- Str+2 SInv}
   (You found it on level 10 of the Dungeon)

   It has been specially enchanted to burn those struck by it, causing extra
   injury to most foes and up to half again as much damage against particularly
   susceptible opponents.
   It affects your strength (+2).
   It greatly protects you from fire.
   It makes you vulnerable to cold.
   It insulates you from electricity.
   It lets you see invisible.
 b - the +3 mace "Hoerra Uweu" {venom, rPois}
   (You found it on level 10 of the Dungeon)

   It poisons the flesh of those it strikes.
   It protects you from poison.
 c - a +1 blowgun
 r - a +0 broad axe
Missiles
 l - 15 curare-tipped needles
 n - a throwing net (quivered)
 C - 7 javelins of returning
Armour
 e - a +0 cloak (worn)
 k - a +0 pair of boots (worn)
 s - a +1 helmet (worn)
 y - the +3 pair of gloves of Circular Logic (worn) {rN+}
   (You bought it in a shop on level 10 of the Dungeon)

   It protects you from negative energy.
 R - the +1 scale mail "Qitulall" (worn) {rN+}
   (You found it on level 5 of the Dungeon)

   It protects you from negative energy.
Jewellery
 B - an uncursed ring of ice
 G - an uncursed ring of poison resistance
 K - a +4 ring of protection
 L - the ring of the Everdark (right hand) {+Fly MR++ Int-3 Dex+5}
   (You found it on level 1 of the Lair of Beasts)

   [ring of flight]

   It affects your intelligence (-3).
   It affects your dexterity (+5).
   It affects your resistance to hostile enchantments.
   It lets you fly.
 T - an uncursed ring of ice
 X - an amulet of magic regeneration (around neck)
 Z - a ring of magical power (left hand)
Wands
 h - a wand of iceblast (5/15)
 E - a wand of disintegration (3/24)
 J - a wand of clouds (6/9)
 M - a wand of scattershot (0/9)
 S - a wand of paralysis (9/24)
 V - a wand of lightning (3/15)
Scrolls
 d - 12 scrolls of teleportation
 f - 4 scrolls of magic mapping
 i - a scroll of identify
 u - 3 scrolls of immolation
 x - 3 scrolls of remove curse
 z - 3 scrolls of blinking
 D - 2 scrolls of fear
 W - a scroll of recharging
 Y - 2 scrolls of fog
Potions
 g - 4 potions of berserk rage
 j - 2 potions of agility
 m - 4 potions of flight
 p - 2 potions of ambrosia
 q - 4 potions of lignification
 t - a potion of magic
 v - 5 potions of curing
 w - a potion of brilliance
 F - 4 potions of haste
 H - 3 potions of cancellation
 I - a potion of resistance
 N - 4 potions of degeneration {unknown}
 P - 2 potions of heal wounds
 Q - 3 potions of might {unknown}
 U - 5 potions of mutation
Comestibles
 o - 9 meat rations
 A - 5 royal jellies


   Skills:
 + Level 7.6 Fighting
 + Level 9.3 Axes
 - Level 5.1 Armour
 - Level 4.0 Dodging
 - Level 2.4 Stealth
 - Level 9.8 Spellcasting
 + Level 13.4 Necromancy
 - Level 5.7 Evocations


You had 26 spell levels left.
You knew the following spells:

 Your Spells              Type           Power        Failure   Level  Hunger
a - Pain                  Necr           ####         1%          1    None
v - Vampiric Draining     Necr           ######....   1%          3    None


Dungeon Overview and Level Annotations

Branches:
Dungeon (11/15)            Temple (1/1) D:7            Lair (2/6) D:10
    Orc (2/2) D:11            Elf (0/3) Orc:2
  Swamp: Lair:2-4    Shoals: Lair:2-4     Snake: Lair:2-4    Spider: Lair:2-4

Altars:
Cheibriados
Dithmenos
Gozag
Hepliaklqana
Kikubaaqudgha
Makhleb
Nemelex Xobeh
Okawaru
Qazlal
Ru
Sif Muna
Trog
Uskayaw
Vehumet
Xom
Yredelemnul
Zin
The Shining One

Shops:
D:10 [[   Orc:1 =[=

Annotations:
D:3 Glalom's ghost, weakling HOFi
D:4 soepske's ghost, amateur DsFi
D:9 Irenicus's ghost, journeyman DDMo
Lair:1 Darkyelf's ghost, journeyman FoAK
Lair:2 1 exclusion
Orc:2 1 runed door


Innate Abilities, Weirdness & Mutations

You are resistant to damage.
You can heal yourself by infusing magical energy.
You passively map the area around you.
You do not regenerate.


Message History

Evoke which item? (* to show all) (? for menu, Esc to quit)
Aiming: Scattershot
Press: ? - help, Shift-Dir - straight line, f/p - ettin
Aim: an ettin, wielding two dire flails (moderately wounded)
The burst of metal fragments hits the ettin. x7
The ettin is severely wounded.
This wand has 0 charges left.
The ettin hits you with a dire flail! The ettin hits you with a dire flail!!
* * * LOW HITPOINT WARNING * * *
Unknown command.
Unknown command.
Unknown command.
Unknown command.
Unknown command.
You see here a giant spiked club.
The ettin hits you with a dire flail!!
* * * LOW HITPOINT WARNING * * *
The ettin hits you with a dire flail!!
You die...
Your body crumbles into a pile of gold.

...........##.## #...####
...........#...## ##..##.###
...........#....# #.......###
............#...# ##........##
................## ####........#
............#....####.##...#.#.##
...........[##....##...#...###..#
..#........<................#....
................@C..)............
........................#........
...........#.##.#................
............#.##................#
...............##...#............
.>.....#.......###.....#########.
......#.....#...#......# .... *.
.....###............#..#,#...#. .
..#...#..#......#..#...# ... #


You could see an ettin.

Vanquished Creatures
  A hydra (Lair:2)
  A two-headed ogre (D:5)
  An orc high priest (Orc:1)
  Sonja (Lair:2)
  An orc knight (D:11)
  An orc sorcerer (Orc:1)
  A cyclops (Orc:1)
  A manticore (D:11)
  Joseph (D:9)
  A gargoyle (D:10)
  4 spiny frogs
  3 komodo dragons
  4 trolls
  2 hornets (D:8)
  Grinder (D:6)
  7 hippogriffs
  Sigmund (D:4)
  2 wyverns
  18 yaks
  Grum (D:9)
  Eustachio (D:4)
  A basilisk (Lair:2)
  A hungry ghost (D:9)
  3 wargs (Orc:1)
  Edmund (D:6)
  A soldier ant (D:8)
  3 water moccasins
  4 porcupines
  12 orc warriors
  A sky beast (D:5)
  4 phantoms
  Purgy (Sewer)
  3 ice beasts
  A black bear (D:7)
  A necrophage (D:11)
  11 ogres
  An eye of draining (D:11)
  3 wolves (D:9)
  15 centaurs
  5 crocodiles
  4 big kobolds
  11 bullfrogs
  A wyvern skeleton (D:11)
  2 scorpions (D:6)
  10 howler monkeys
  3 spriggan skeletons (D:11)
  3 wights (D:11)
  A troll skeleton (D:11)
  2 electric eels (Lair:2)
  2 centaur zombies
  A crimson imp (D:8)
  2 jellies
  A quasit (D:11)
  A bullfrog zombie (D:9)
  6 hounds
  22 orc wizards
  7 centaur skeletons
  12 orc priests
  An iguana (D:6)
  6 worker ants
  A worker ant zombie (D:10)
  A howler monkey zombie (D:9)
  A howler monkey skeleton (D:6)
  7 gnolls
  4 river rats (D:6)
  11 adders
  3 shadow imps
  3 oozes
  An adder zombie (D:5)
  An adder skeleton (D:4)
  5 worms
  4 leopard geckos
  68 orcs
  6 bats
  6 giant cockroaches
  5 hobgoblins
  4 jackals (D:5)
  3 quokkas
  9 frilled lizards
  9 goblins
  14 kobolds
  A quokka zombie (D:8)
  11 rats
402 creatures vanquished.

Vanquished Creatures (others)
  An orc wizard (D:6)
  A plant (Lair:2)
2 creatures vanquished.

Grand Total: 404 creatures vanquished

Notes
Turn   | Place    | Note
-------+----------+-------------------------------------------
     0 | D:1      | letownia2 the Deep Dwarf Necromancer began the quest for the Orb.
     0 | D:1      | Reached XP level 1. HP: 15/15 MP: 3/3
   357 | D:2      | Reached XP level 2. HP: 14/22 MP: 0/5
   573 | D:3      | Reached XP level 3. HP: 18/28 MP: 1/6
   578 | D:3      | Learned a level 3 spell: Vampiric Draining
   640 | D:3      | Reached skill level 5 in Necromancy
   695 | D:4      | Noticed Eustachio
   754 | D:3      | Reached XP level 4. HP: 29/36 MP: 0/8
   831 | D:4      | Noticed a phantom
  1000 | D:3      | Noticed a phantom
  1004 | D:3      | HP: 1/36 [orc/hand axe (5)]
  1416 | D:2      | Reached skill level 1 in Armour
  1544 | D:3      | Found a glowing silver altar of Zin.
  1544 | D:3      | Found an ancient bone altar of Kikubaaqudgha.
  1546 | D:3      | Found a burning altar of Makhleb.
  1563 | D:3      | Found a snail-covered altar of Cheibriados.
  1839 | D:3      | Noticed Glalom's ghost (weakling HOFi)
  2037 | D:2      | Reached XP level 5. HP: 30/42 MP: 5/9
  2254 | D:3      | You fall through a shaft for 2 floors!
  2254 | D:5      | Entered Level 5 of the Dungeon
  2297 | D:5      | Noticed a two-headed ogre
  2330 | D:5      | Noticed an ogre
  2349 | D:5      | Found a glowing silver altar of Zin.
  2458 | D:4      | Killed Eustachio
  2458 | D:4      | Reached skill level 6 in Necromancy
  2458 | D:4      | Reached XP level 6. HP: 36/49 MP: 3/10
  2473 | D:4      | Noticed soepske's ghost (amateur DsFi)
  2578 | D:4      | Noticed Sigmund
  2587 | D:4      | Killed Sigmund
  2587 | D:4      | Reached skill level 7 in Necromancy
  3282 | D:5      | Reached XP level 7. HP: 27/55 MP: 7/11
  3304 | D:5      | Killed a two-headed ogre
  3304 | D:5      | Reached skill level 8 in Necromancy
  3304 | D:5      | Reached XP level 8. HP: 39/68 MP: 0/12
  3395 | D:5      | Got a faintly glowing scale mail
  3419 | D:5      | Identified the +1 scale mail "Qitulall" {rN+} (You found it on level 5 of the Dungeon)
  3649 | D:6      | Noticed Edmund
  3672 | D:6      | Killed Edmund
  3717 | D:6      | Reached skill level 5 in Spellcasting
  3783 | D:6      | Noticed Grinder
  3809 | D:6      | Killed Grinder
  3871 | D:6      | Reached skill level 9 in Necromancy
  3871 | D:6      | Reached skill level 5 in Evocations
  3871 | D:6      | Gained mutation: You passively map the area around you. [Deep Dwarf growth]
  3871 | D:6      | Reached XP level 9. HP: 37/76 MP: 3/17
  4119 | D:6      | Found a glowing drain.
  4180 | Sewer    | Entered a sewer
  4412 | Sewer    | Noticed Purgy
  4423 | Sewer    | Killed Purgy
  4966 | D:7      | Found a staircase to the Ecumenical Temple.
  4981 | Temple   | Entered the Ecumenical Temple
  5048 | Temple   | Became a worshipper of Gozag Ym Sagoz the Greedy
  5101 | D:7      | Reached skill level 5 in Armour
  6544 | D:7      | Reached XP level 10. HP: 83/87 MP: 10/20
  6584 | D:7      | Found a hazy altar of Hepliaklqana.
  7172 | D:8      | Reached skill level 10 in Necromancy
  8111 | D:9      | Noticed Irenicus's ghost (journeyman DDMo)
  8160 | D:9      | Noticed Grum
  8199 | D:9      | Killed Grum
  8313 | D:9      | Noticed Joseph
  8321 | D:9      | Killed Joseph
  9154 | D:10     | Entered Level 10 of the Dungeon
  9280 | D:10     | Found a staircase to the Lair.
  9289 | D:10     | Reached XP level 11. HP: 74/93 MP: 3/24
  9340 | D:10     | Got a bloodstained mace
  9341 | D:10     | Identified the cursed +3 mace "Hoerra Uweu" {venom, rPois} (You found it on level 10 of the Dungeon)
  9406 | D:10     | Got a steaming whip
  9407 | D:10     | Identified the +7 whip of Rotation {flame, rElec rF++ rC- Str+2 SInv} (You found it on level 10 of the Dungeon)
  9588 | D:10     | Reached skill level 5 in Fighting
  9898 | Lair:1   | Entered Level 1 of the Lair of Beasts
  9906 | Lair:1   | Reached skill level 1 in Axes
 10063 | D:10     | Reached skill level 11 in Necromancy
 10103 | Lair:1   | Found a sacrificial altar of Ru.
 10124 | Lair:1   | Noticed Darkyelf's ghost (journeyman FoAK)
 10771 | D:11     | Reached skill level 5 in Axes
 10948 | D:11     | Reached skill level 12 in Necromancy
 11302 | D:11     | Found a staircase to the Orcish Mines.
 11331 | D:11     | Got a warped ring mail
 11342 | D:11     | Identified the +2 ring mail of Watchfulness {rElec rC- rN+} (You found it on level 11 of the Dungeon)
 11440 | Orc:1    | Entered Level 1 of the Orcish Mines
 11440 | Orc:1    | Found Wetept's Jewellery Shop.
 11440 | Orc:1    | Noticed an orc knight
 11549 | D:11     | Killed an orc knight
 11718 | Orc:1    | Found Plog's Jewellery Emporium.
 11804 | Orc:2    | Entered Level 2 of the Orcish Mines
 11804 | Orc:2    | Noticed an orc high priest
 11804 | Orc:2    | Noticed an orc sorcerer
 11863 | D:10     | Bought a pair of twisted gloves for 190 gold pieces
 11868 | D:10     | Identified the +3 pair of gloves of Circular Logic {rN+} (You bought it in a shop on level 10 of the Dungeon)
 11930 | Lair:2   | Reached XP level 12. HP: 91/104 MP: 23/25
 12019 | Lair:1   | Got a scintillating copper ring
 12021 | Lair:1   | Identified the ring of the Everdark {+Fly MR++ Int-3 Dex+5} (You found it on level 1 of the Lair of Beasts)
 12437 | Lair:2   | Noticed an eight-headed hydra
 12442 | Lair:2   | Killed an eight-headed hydra
 12562 | Lair:2   | Noticed Sonja
 12567 | Lair:2   | Killed Sonja
 13230 | Lair:2   | Reached skill level 13 in Necromancy
 13557 | Orc:1    | Killed an orc high priest
 13749 | Orc:2    | Found a staircase to the Elven Halls.
 14026 | Orc:1    | Found Muluy's Armour Boutique.
 14243 | Orc:2    | Found a runed door.
 14274 | Orc:2    | Noticed an ettin
 14297 | Orc:2    | Slain by an ettin

Skill      XL: |  1  2  3  4  5  6  7  8  9 10 11 12 |
---------------+-------------------------------------+-----
Spellcasting   | 2 3 5 7 9 |  9.8
Necromancy     | 5 6 7 8 9 10 12 13 | 13.4
Armour         | 1 3 4 5 |  5.1
Fighting       | 2 3 4 5 7 |  7.6
Evocations     | 4 5 |  5.7
Dodging        | 3 4 |  4.0
Axes           | 7 9 |  9.3
Stealth        | |  2.4

Action                   |  1- 3 |  4- 6 |  7- 9 | 10-12 || total
-------------------------+-------+-------+-------+-------++-------
Melee: Dagger            |       |    82 |   185 |   141 ||   408
       Quarterstaff      |       |       |    47 |       ||    47
       Whip              |       |       |       |   599 ||   599
       Flail             |       |       |       |    71 ||    71
       Mace              |       |       |       |    14 ||    14
 Fire: Blowgun           |       |       |       |     1 ||     1
Throw: Tomahawk          |       |       |     2 |       ||     2
       Javelin           |       |       |       |     5 ||     5
 Cast: Pain              |    33 |    22 |    29 |    22 ||   106
       Vampiric Draining |     1 |    37 |    87 |   313 ||   438
Invok: Call Merchant     |       |       |       |     2 ||     2
Evoke: Wand              |       |       |    10 |    17 ||    27
  Use: Scroll            |       |     2 |     3 |    24 ||    29
 Stab: Sleeping          |       |     1 |       |       ||     1
       Distracted        |       |       |       |     8 ||     8
  Eat: Chunk             |       |    12 |     9 |       ||    21
       Royal jelly       |       |       |     2 |     8 ||    10
       Fruit             |       |       |       |    15 ||    15
       Meat ration       |       |       |       |     1 ||     1
Armor: Robe              |     3 |       |       |       ||     3
       Ring mail         |       |   103 |    11 |       ||   114
       Scale mail        |       |       |   171 |   583 ||   754
Dodge: Dodged            |     6 |   164 |   219 |   720 ||  1109
